 Dungeon Crawl Stone Soup version 0.19-a0-1178-gcc2d2a7 (webtiles) character file.

174 AlphabetPasta the Magician (level 5, -2/35 HPs)
             Began as a Formicid Wizard on Aug 17, 2016.
             Killed from afar by an orc wizard (9 damage)
             ... with a magic dart
             ... on level 3 of the Dungeon.
             The game lasted 00:13:42 (3290 turns).

AlphabetPasta the Magician (Formicid Wizard)        Turns: 3290, Time: 00:13:42

Health: -2/35      AC:  2    Str: 12    XL:     5   Next: 84%
Magic:  7/12       EV: 12    Int: 18    God:
Gold:   106        SH:  0    Dex:  9    Spells: 5 memorised, 2 levels left

rFire  . . .     SeeInvis +     k - +0 dagger (speed)
rCold  . . .     Gourm    .     a - +0 robe
rNeg   . . .     Faith    .     (no shield)
rPois  .         Spirit   .     (helmet unavailable)
rElec  .         Dismiss  .     (no cloak)
rCorr  .         Reflect  .     (no gloves)
MR     .....     Harm     .     (no boots)
Stlth  ++........               (no amulet)
                                (no ring)
                                (no ring)

@: no status effects
A: permanent stasis, dig shafts and tunnels, four strong arms, antennae 3
a: Dig, Shaft Self


You were on level 3 of the Dungeon.
You were not hungry.

You visited 1 branch of the dungeon, and saw 3 of its levels.

You collected 106 gold pieces.

Inventory:

Hand Weapons
 k - a +0 dagger of speed (weapon)
Armour
 a - a +0 robe (worn)
Scrolls
 e - a scroll of magic mapping {unknown}
 f - a scroll of identify {unknown}
 h - a scroll of recharging {unknown}
 i - a scroll of remove curse {unknown}
 n - a scroll of fog {unknown}
Potions
 j - a potion of degeneration {unknown}
 o - a potion of agility {unknown}
 p - a potion of curing {unknown}
Books
 b - a book of Minor Magic

   Spells                             Type                      Level
   a - Magic Dart                     Conjuration                  1
   b - Blink                          Translocation                2
   c - Call Imp                       Summoning                    2
   d - Repel Missiles                 Charms/Air                   2
   e - Slow                           Hexes                        2
   f - Conjure Flame                  Conjuration/Fire             3
   g - Mephitic Cloud                 Conjuration/Poison/Air       3
Comestibles
 c - 5 bread rations
 d - a beef jerky
 g - 2 meat rations
 l - 2 chunks of flesh
 m - a slice of pizza


   Skills:
 + Level 2.5 Dodging
 - Level 2.4 Stealth
 * Level 4.8 Spellcasting
 + Level 1.9 Conjurations
 - Level 1.0 Summonings
   Level 0.8 Translocations
 + Level 1.0 Fire Magic
 - Level 1.0 Air Magic
 - Level 1.6 Poison Magic


You had 2 spell levels left.
You knew the following spells:

 Your Spells              Type           Power        Failure   Level  Hunger
a - Magic Dart            Conj           ##..         8%          1    None
b - Call Imp              Summ           #.......     14%         2    #......
c - Repel Missiles        Chrm/Air       #.....       17%         2    #......
d - Conjure Flame         Conj/Fire      #.......     24%         3    ###....
e - Mephitic Cloud        Conj/Pois/Air  #.......     24%         3    ###....


Dungeon Overview and Level Annotations

Branches:
Dungeon (3/15)

Altars:


Innate Abilities, Weirdness & Mutations

You are under a permanent stasis effect.
You can dig through walls and to a lower floor.
Your four strong arms can wield two-handed weapons with a shield.
You have a pair of large antennae on your head. (SInv)


Message History

The orc hits you with a hand axe. The orc hits you with a hand axe!
You bump into the rock wall.
You feel less confused. The orc hits you with a hand axe.
You hit the orc.
The orc is moderately wounded.
Casting: Magic Dart
Confirm with . or Enter, or press ? or * to list all spells.
Aiming: Magic Dart
Press: ? - help, Shift-Dir - straight line, f/p - orc wizard
Aim: an orc wizard, wielding a dagger and wearing a robe (moderately wounded, slightly transparent)
The magic dart hits the orc.
The orc is heavily wounded.
The orc hits you with a hand axe!
* * * LOW HITPOINT WARNING * * *
Found a stone staircase leading down.
The orc wizard gestures at you while chanting.
The magic dart hits you!
You die...

#.#.##..#...#...# #..
....#.#.....#..# #...
.>...........#####....
...#.#.....#..#..#..
#..#o..#...#...#.. #
#o..###...#.#...# # #
#.r#..#..#...#..# #.# ###
#.#...###.....# #.# #..
#@...#..#.....# ..# #.#
#...#...#.....# #
#.####......#.#...#.# ##
#..........#...#.#...#
.##########).###.................
.......).......###.##)######..###
###########..#.# #....# ..# ##
#..#.# ####.# #.. .# #..#.# #.#
.#


You could see an orc wizard (invisible), an orc and a rat.

Vanquished Creatures
  Jessica (D:3)
  Terence (D:3)
  4 adders (D:2)
  2 oozes
  2 worms
  3 dart slugs (D:1)
  A giant gecko (D:2)
  An orc (D:3)
  3 giant cockroaches
  7 goblins
  8 hobgoblins
  3 jackals
  5 kobolds
  A quokka (D:3)
  2 ball pythons (D:1)
  10 bats
  5 giant newts
  6 rats
65 creatures vanquished.

Vanquished Creatures (collateral kills)
  3 jackals (D:1)
3 creatures vanquished.

Vanquished Creatures (others)
  5 toadstools (D:1)
5 creatures vanquished.

Grand Total: 73 creatures vanquished

Notes
Turn   | Place    | Note
-------+----------+-------------------------------------------
     0 | D:1      | AlphabetPasta the Formicid Wizard began the quest for the Orb.
     0 | D:1      | Reached XP level 1. HP: 13/13 MP: 4/4
    94 | D:1      | Reached skill level 1 in Conjurations
   256 | D:1      | Reached XP level 2. HP: 19/19 MP: 0/6
   268 | D:1      | Learned a level 2 spell: Call Imp
   271 | D:1      | Learned a level 2 spell: Repel Missiles
   962 | D:1      | Reached XP level 3. HP: 24/24 MP: 4/8
   967 | D:1      | Learned a level 3 spell: Conjure Flame
  1044 | D:1      | Reached skill level 4 in Spellcasting
  1864 | D:2      | Reached XP level 4. HP: 30/30 MP: 3/10
  1869 | D:2      | Learned a level 3 spell: Mephitic Cloud
  1945 | D:2      | Reached skill level 1 in Air Magic
  2164 | D:2      | Reached skill level 1 in Poison Magic
  2605 | D:2      | Reached XP level 5. HP: 35/35 MP: 6/11
  3042 | D:3      | Noticed Jessica
  3047 | D:3      | Killed Jessica
  3098 | D:3      | Noticed Terence
  3112 | D:3      | Killed Terence
  3224 | D:3      | Reached skill level 1 in Fire Magic
  3290 | D:3      | Killed from afar by an orc wizard

Vault maps used:
D:1:      ldierk_walled_garden, minmay_misc_feat_alley, minmay_bisected
D:2:      first_bread
D:3:      lemuel_crystal_altar, minmay_splitting_lines, uniq_jessica,
          uniq_terence, uniq_grinder

Skill      XL: |  1  2  3  4  5 |
---------------+----------------+-----
Conjurations   | 1 |  1.9
Dodging        | 2 |  2.5
Spellcasting   | 4 |  4.8
Air Magic      | 1 |  1.0
Poison Magic   | 1 |  1.6
Fire Magic     | 1 |  1.0
Stealth        | |  2.4
Summonings     | |  1.0
Translocations | |  0.8

Action                   |  1- 3 |  4- 6 || total
-------------------------+-------+-------++-------
Melee: Unarmed           |    18 |       ||    18
       Dagger            |    10 |    14 ||    24
 Cast: Magic Dart        |    81 |   112 ||   193
       Repel Missiles    |     1 |       ||     1
       Call Imp          |     1 |       ||     1
       Conjure Flame     |       |     1 ||     1
  Eat: Chunk             |     3 |     4 ||     7
Armor: Robe              |     3 |     4 ||     7
Dodge: Dodged            |    19 |    13 ||    32
       Deflected         |     1 |       ||     1
